Map: Beckett Industries LE

Players

Pumba - Winner!

  • Race: Zerg Zerg
  • League: Silver
  • Spawn Location: 7:00

Grinurlife

  • Race: Protoss Protoss
  • League: Gold
  • Spawn Location: 1:00

VOD

Have the link to the VOD?

Description

Time

  • Played on: July 27, 2021, 6:50 p.m.
  • Length: 10:30
Show
View Real Time Build Order
Export as new Build Order

Pumba Zerg - Winner!

Build Orders: Pool First 

Get SALT Encoding   

  12  0:01  Drone  
  13  0:13  Overlord  
  13  0:19  Drone  
  14  0:32  Drone x2  
  16  0:41  Drone  
  17  0:45  Spawning Pool  
  16  0:51  Drone  
  17  1:10  Hatchery  
  16  1:19  Drone  
  16  1:21  Extractor  
  16  1:25  Drone  
  16  1:26  Drone  
  16  1:31  Drone  
  19  1:34  Queen  
  21  1:43  Overlord  
  21  2:00  Drone  
  22  2:09  Drone  
  22  2:10  Queen  
  25  2:17  Zergling x2  
  26  2:24  Metabolic Boost  
  26  2:26  Drone  
  27  2:33  Overlord  
  27  2:44  Drone x6  
  33  2:52  Overlord  
  33  3:01  Roach Warren  
  32  3:07  Drone x2  
  32  3:11  Overlord  
  34  3:21  Drone x6  
  34  3:23  Overlord  
  40  3:28  Overlord x2  
  40  3:34  Extractor x2  
  38  3:35  Extractor  
  38  3:39  Lair  
  37  3:52  Drone  
  37  3:53  Drone x2  
  37  3:54  Drone x3  
  43  3:55  Drone  
  43  3:56  Drone x2  
  43  4:02  Drone x2  
  48  4:06  Overlord  
  48  4:14  Roach x2  
  52  4:29  Spore Crawler  
  52  4:31  Spore Crawler  
  50  4:36  Roach x7  
  63  4:50  Overlord  
  63  4:55  Roach  
  63  4:56  Roach x6  
  77  5:05  Roach x2  
  81  5:19  Roach  
  81  5:20  Roach x2  
  87  5:24  Glial Reconstitution  
  87  5:42  Overlord  
  87  5:43  Overlord x2  
  87  5:47  Roach x3  
  93  6:16  Roach x6  
  93  6:17  Hatchery  
  104  6:21  Drone x2  
  104  6:24  Roach x2  
  110  6:39  Roach  
  116  6:40  Roach x4  
  120  6:54  Overlord x4  
  120  7:08  Roach x2  
  118  7:33  Roach  
  118  7:34  Roach x7  
  128  7:49  Roach x6  
  128  7:59  Roach x2  
  120  8:13  Roach x2  
  120  8:16  Spine Crawler  
  120  8:17  Spine Crawler x2  
  120  8:18  Spore Crawler  
  114  8:24  Roach x3  
  68  8:56  Hydralisk Den  
  65  9:17  Spore Crawler  
  65  9:19  Spore Crawler  
  57  9:36  Hydralisk x2  
  57  9:37  Hydralisk x2  
  57  9:40  Overseer  
  57  9:52  Hydralisk  
  59  10:01  Hydralisk  
  57  10:20  Spore Crawler x2  
  57  10:21  Spore Crawler x2  
Show
View Real Time Build Order
Export as new Build Order

Grinurlife Protoss 

Build Orders: 1 Gate Expand 

Get SALT Encoding   

  12  0:10  Pylon  
  12  0:13  Probe (Chrono Boost)  
  13  0:23  Probe (Chrono Boost)  
  13  0:28  Probe (Chrono Boost)  
  15  0:35  Gateway  
  15  0:40  Probe  
  16  0:52  Probe  
  17  1:04  Probe  
  18  1:15  Nexus  
  18  1:17  Probe  
  19  1:23  Assimilator  
  19  1:29  Probe  
  20  1:36  Cybernetics Core  
  20  1:41  Probe  
  21  1:49  Pylon  
  21  1:56  Probe  
  22  2:08  Zealot (Chrono Boost), Probe  
  25  2:16  Pylon  
  25  2:20  Probe  
  26  2:27  Zealot (Chrono Boost), Robotics Facility  
  28  2:32  Probe  
  28  2:38  Probe  
  29  2:44  Probe  
  29  2:47  Zealot (Chrono Boost)  
  29  2:50  Probe  
  33  2:52  Gateway  
  33  3:02  Probe x2  
  35  3:07  Warp Gate, Zealot (Chrono Boost)  
  37  3:14  Probe x2  
  39  3:23  Immortal (Chrono Boost)  
  43  3:30  Probe  
  43  3:32  Zealot (Chrono Boost)  
  43  3:33  Pylon  
  46  3:42  Probe  
  46  3:44  Probe  
  50  3:52  Zealot (Chrono Boost)  
  50  3:53  Zealot (Chrono Boost)  
  50  3:54  Probe  
  53  3:55  Warp Prism  
  55  4:06  Probe  
  56  4:14  Zealot  
  56  4:15  Gateway  
  56  4:16  Zealot  
  60  4:18  Probe  
  61  4:44  Nexus  
  61  4:45  Probe  
  61  4:46  Probe, Pylon  
  61  4:47  Pylon  
  62  4:53  Stargate  
  62  4:55  Assimilator  
  62  4:59  Pylon  
  59  5:31  Immortal (Chrono Boost)  
  59  5:32  Probe  
  65  5:35  Probe  
  65  5:44  Probe  
  65  5:47  Void Ray (Chrono Boost), Probe  
  70  5:54  Assimilator  
  70  5:56  Probe, Assimilator  
  71  5:58  Zealot x3  
  71  6:00  Probe  
  78  6:05  Immortal (Chrono Boost)  
  78  6:06  Nexus  
  78  6:08  Probe, Pylon  
  83  6:12  Probe  
  84  6:24  Probe  
  85  6:27  Pylon  
  85  6:32  Void Ray (Chrono Boost)  
  85  6:36  Probe  
  90  6:42  Probe  
  90  6:43  Probe  
  92  6:49  Probe  
  92  6:50  Gateway  
  92  6:51  Gateway  
  92  6:52  Zealot x2  
  92  6:53  Zealot  
  99  6:54  Probe  
  99  6:55  Probe, Gateway  
  99  7:01  Probe  
  102  7:03  Void Ray  
  102  7:07  Probe  
  107  7:15  Zealot x3  
  113  7:19  Probe  
  91  7:45  Probe  
  91  7:50  Void Ray (Chrono Boost)  
  92  7:56  Probe  
  92  7:58  Probe  
  86  8:10  Zealot x3  
  69  8:16  Probe  
  62  8:20  Pylon  
  62  8:22  Pylon  
  62  8:28  Probe  
  63  8:36  Probe  
  63  8:40  Probe  
  63  8:48  Probe  
  60  8:52  Probe  
  57  9:00  Probe  
  56  9:10  Robotics Facility  
  56  9:11  Probe  
  56  9:12  Robotics Facility, Probe  
  58  9:23  Probe  
  58  9:24  Probe  
  54  9:39  Zealot x2  
Tags
 
Add a new tag
Caveats
  • Supply blocks, unpowered buildings, or Contaminate may cause inaccurate times.
  • Supply counts are checked every 10 seconds.